 Dungeon Crawl Stone Soup version 0.26-a0-26-ge22fd8933b (webtiles) character file.

Game seed: 2262816573364669246, levelgen mode: deterministic

56723 Mrkan the Severer (level 14, -5/124 HPs)
             Began as a Minotaur Fighter on May 27, 2020.
             Was the Champion of Qazlal.
             Slain by a demonic crawler (8 damage)
             ... on level 4 of the Lair of Beasts.
             The game lasted 00:38:24 (23700 turns).

Mrkan the Severer (Minotaur Fighter)               Turns: 23700, Time: 00:38:25

Health: -5/124     AC: 20    Str: 22    XL:     14   Next: 43%
Magic:  15/22      EV: 12    Int:  8    God:    Qazlal [******]
Gold:   1962       SH: 27    Dex: 20    Spells: 13/13 levels left

rFire    . . .     SeeInvis .   E - +2 broad axe
rCold    + . .     Gourm    .   F - +0 tower shield (curse)
rNeg     . . .     Faith    +   x - +3 chain mail {rPois}
rPois    +         Spirit   .   (helmet restricted)
rElec    .         Reflect  .   B - +0 cloak
rCorr    .         Harm     .   c - +2 pair of gloves {Dex+3}
MR       +....                  i - +0 pair of boots
Stlth    ..........             g - amulet of faith
HPRegen  0.30/turn              n - ring of protection from cold
MPRegen  0.18/turn              y - +6 ring of dexterity

@: lethally poisoned (-5 -> -24), protected from physical damage, corroded,
repel missiles
A: retaliatory headbutt, horns 2
a: Upheaval, Elemental Force, Disaster Area, Renounce Religion


You were on level 4 of the Lair of Beasts.
You worshipped Qazlal.
Qazlal was exalted by your worship.
You were hungry.

You visited 4 branches of the dungeon, and saw 20 of its levels.

You collected 2366 gold pieces.
You spent 404 gold pieces at shops.

Inventory:

Hand Weapons
 E - a +2 broad axe (weapon)
Armour
 c - a +2 pair of gloves of dexterity (worn)
 i - a +0 pair of boots (worn)
 r - the +5 chain mail "Egolanei" {rC+ Str+4}
   (You found it on level 4 of the Dungeon)

   It affects your strength (+4).
   It protects you from cold.
 x - a +3 chain mail of poison resistance (worn)
 B - a +0 cloak (worn)
 F - a cursed +0 tower shield (worn)
 M - the +7 plate armour "Osotopru" {Regen+ SInv}
   (You found it on level 5 of the Lair of Beasts)

   It lets you see invisible.
   It increases your rate of regeneration.
Jewellery
 g - an amulet of faith (around neck)
 n - a ring of protection from cold (left hand)
 w - an uncursed amulet of the acrobat
 y - a +6 ring of dexterity (right hand)
 O - an uncursed ring of fire
 P - an uncursed ring of protection from fire
Wands
 p - a wand of random effects (99)
 t - a wand of disintegration (30)
 u - a wand of flame (55)
 I - a wand of clouds (4)
 J - a wand of acid (5)
Scrolls
 a - 5 scrolls of magic mapping
 b - 12 scrolls of remove curse
 e - 4 scrolls of identify
 k - 9 scrolls of teleportation
 l - 5 scrolls of immolation
 o - a scroll of enchant armour
 v - a scroll of fog
 C - 4 scrolls of blinking
 H - a scroll of fear
 K - a scroll of amnesia
 L - a scroll of silence
Potions
 d - 5 potions of might
 h - 2 potions of stabbing
 j - 10 potions of curing
 q - 3 potions of haste
 s - 2 potions of heal wounds
 z - 3 potions of cancellation
 A - 6 potions of lignification
 D - a potion of mutation
 G - a potion of ambrosia
 N - a potion of invisibility
Comestibles
 f - 30 rations


   Skills:
 - Level 11.1 Fighting
 + Level 16.4 Axes
 - Level 11.0 Armour
 - Level 10.0 Dodging
 - Level 11.1 Shields
 - Level 12.0 Invocations


You had 13 spell levels left.
You didn't know any spells.
Your spell library contained the following spells:

 Spells                   Type           Power        Failure   Level  Hunger
 Apportation              Tloc           #.....       100%        1    ##.....
 Corona                   Hex            #......      100%        1    ##.....
 Summon Butterflies       Summ           #.......     100%        1    ##.....
 Ensorcelled Hibernation  Hex/Ice        #.....       100%        2    ###....
 Shroud of Golubria       Chrm/Tloc      #.....       100%        2    ###....
 Song of Slaying          Chrm           #.......     100%        2    ###....
 Confusing Touch          Hex            #.......     100%        3    ####...
 Dazzling Flash           Conj/Hex       #.....       100%        3    ####...
 Gell's Gravitas          Tloc           #.........   100%        3    ####...
 Lesser Beckoning         Tloc           #.........   100%        3    ####...
 Spectral Weapon          Hex/Chrm       #.......     100%        3    ####...
 Tukima's Dance           Hex            #.......     100%        3    ####...
 Petrify                  Tmut/Erth      #.......     100%        4    #####..
 Alistair's Intoxication  Tmut/Pois      #.......     100%        5    ######.
 Metabolic Englaciation   Hex/Ice        #.........   100%        5    ######.
 Yara's Violent Unravell  Hex/Tmut       #.........   100%        5    ######.
 Invisibility             Hex            #.......     100%        6    #######
 Iron Shot                Conj/Erth      #.........   100%        6    #######


Dungeon Overview and Level Annotations

Branches:
Dungeon (11/15)            Temple (0/1) D:4            Lair (6/6) D:11
 Shoals (0/4) Lair:4       Spider (1/4) Lair:4        Slime (0/5) Lair:5
    Orc (2/2) D:10            Elf (0/3) Orc:2

Altars:
Dithmenos
Hepliaklqana
Nemelex Xobeh
Okawaru
Qazlal
Ru
Trog
The Shining One
Beogh
Jiyva

Shops:
D:5 ?   D:9 !   Orc:2 ([*=

Annotations:
Lair:1 2 runed translucent doors, Lidevat's ghost, journeyman GnWn
Lair:2 exclusion: 3 oklob plants


Innate Abilities, Weirdness & Mutations

You reflexively headbutt those who attack you in melee.
You have a pair of horns on your head.


Message History

* * * LOW HITPOINT WARNING * * *
You block the wolf spider's attack.
The wolf spider hits you but does no damage.
The wolf spider bites you but does no damage.
The demonic crawler hits you but does no damage. x2
The demonic crawler hits you.
* * * LOW HITPOINT WARNING * * *
You slash the wolf spider!
You kill the wolf spider!
Qazlal accepts your kill.
You closely miss the wolf spider. You completely miss the redback.
You slash the demonic crawler! You hit the wolf spider.
* * * LOW HITPOINT WARNING * * *
You feel sick. You block the wolf spider's attack. x2
The redback barely misses you. The wolf spider barely misses you.
The wolf spider closely misses you. The demonic crawler hits you.
* * * LOW HITPOINT WARNING * * *
You feel more protected from physical attacks.
The demonic crawler barely misses you. The demonic crawler hits you!
You die...

.÷......................## ##..
.........................#####...
........#...P...........###..P...
......###........................
......#.......#...##.............
....<..#....###.≈####............
...........(##...○.##............
..............○ss†#........<.....
......P........s@................
.P..##........#s§°.#....#...#...#
....###......#.#.#.#.....#.......
............####.###.............
....(........##...##....##)......
.....#P###..............##.......
....#####..#.........P.P##.......
..#.# ###...#.....P..P##..##...
.#### ###.P#.........#...#....


You could see a demonic crawler, 2 wolf spiders and a redback.

Vanquished Creatures
  An orc warlord (Orc:1)
  Harold (D:7)
  2 hydras
  A two-headed ogre (D:10)
  An ogre mage (Orc:1)
  7 orc high priests
  Nergalle (D:10)
  Pikel (D:9)
  A lindwurm (Lair:6)
  5 orc knights
  An oklob plant (Lair:2)
  5 orc sorcerers (Orc:2)
  2 wolf spiders
  A cyclops (D:11)
  Maurice (D:9)
  6 elephants
  6 black mambas
  7 spiny frogs
  4 rime drakes
  4 komodo dragons
  A troll (Orc:1)
  A merfolk (Lair:4)
  2 polar bears
  8 slime creatures
  15 blink frogs
  3 hornets
  4 dream sheep (Lair:6)
  10 hippogriffs
  13 spriggans (Lair:6)
  4 wraiths (D:7)
  37 yaks
  A tarantella (Lair:4)
  A wyvern (D:8)
  2 hogs (D:7)
  3 basilisks
  2 hungry ghosts (D:8)
  A human (D:7)
  8 wargs
  17 water moccasins
  An acid dragon (D:11)
  5 porcupines
  5 ice beasts
  23 orc warriors
  5 sky beasts
  A slave (D:9)
  6 black bears
  11 ogres
  5 boggarts (Lair:6)
  5 centaurs
  A necrophage (D:9)
  23 wolves
  16 crocodiles
  2 big kobolds
  11 bullfrogs
  A wyvern skeleton (D:7)
  6 scorpions
  3 electric eels
  4 crimson imps
  6 hounds
  5 jellies
  3 bullfrog skeletons
  19 orc wizards
  11 orc priests
  2 centaur skeletons
  2 iguanas
  10 worker ants
  5 hell rats (Lair:5)
  3 worker ant zombies
  3 howler monkey skeletons
  21 adders
  7 river rats (Lair:5)
  2 shadow imps
  An ooze (D:3)
  An adder zombie (D:9)
  2 adder skeletons
  2 worms
  2 dart slugs (D:1)
  10 leopard geckos
  49 orcs
  4 bats
  6 giant cockroaches
  7 goblins
  6 hobgoblins
  6 jackals
  4 quokkas
  7 frilled lizards
  21 kobolds
  A quokka skeleton (D:7)
  13 rats
  A bush (Lair:6)
  5 fungi
  3 plants
575 creatures vanquished.

Vanquished Creatures (others)
  A bush (Lair:6)
  8 fungi
  3 plants
12 creatures vanquished.

Grand Total: 587 creatures vanquished

Notes
Turn   | Place    | Note
-------+----------+-------------------------------------------
     0 | D:1      | Mrkan the Minotaur Fighter began the quest for the Orb.
     0 | D:1      | Reached XP level 1. HP: 19/19 MP: 0/0
   122 | D:1      | Reached XP level 2. HP: 26/27 MP: 1/1
   154 | D:1      | Reached skill level 3 in Axes
   531 | D:1      | Reached XP level 3. HP: 29/33 MP: 2/2
  1086 | D:2      | Reached XP level 4. HP: 29/40 MP: 3/3
  1537 | D:2      | Reached skill level 4 in Axes
  1919 | D:3      | Found a stormy altar of Qazlal.
  1930 | D:3      | Became a worshipper of Qazlal Stormbringer
  2084 | D:3      | Reached XP level 5. HP: 34/47 MP: 4/4
  3235 | D:4      | Reached * piety under Qazlal
  3235 | D:4      | Reached skill level 5 in Axes
  3248 | D:4      | Got a bloodstained chain mail
  3250 | D:4      | Identified the +5 chain mail "Egolanei" {rC+ Str+4} (You
                  | found it on level 4 of the Dungeon)
  3275 | D:4      | Found a staircase to the Ecumenical Temple.
  3284 | D:4      | Reached skill level 1 in Invocations
  3284 | D:4      | Reached XP level 6. HP: 40/55 MP: 5/5
  3481 | D:4      | Reached skill level 5 in Fighting
  3481 | D:4      | Reached skill level 5 in Armour
  3481 | D:4      | Reached skill level 5 in Shields
  3843 | D:4      | Reached XP level 7. HP: 57/61 MP: 7/7
  3845 | D:4      | Reached skill level 6 in Axes
  4012 | D:5      | Entered Level 5 of the Dungeon
  4012 | D:5      | Found Launaw's Magic Scroll Boutique.
  4189 | D:5      | Found a hazy altar of Hepliaklqana.
  4657 | D:5      | Found a sparkling altar of Nemelex Xobeh.
  4701 | D:5      | Found a sparkling altar of Nemelex Xobeh.
  4947 | D:6      | Reached skill level 7 in Axes
  4970 | D:6      | Reached XP level 8. HP: 69/70 MP: 9/9
  4998 | D:6      | Found a shadowy altar of Dithmenos.
  5082 | D:6      | Reached ** piety under Qazlal
  5104 | D:6      | Reached skill level 8 in Axes
  5630 | D:7      | Reached XP level 9. HP: 73/78 MP: 11/11
  5713 | D:7      | Noticed Harold
  5731 | D:7      | Killed Harold
  5731 | D:7      | Reached skill level 9 in Axes
  6101 | D:7      | Reached skill level 10 in Axes
  6105 | D:7      | Reached skill level 5 in Invocations
  6233 | D:7      | Reached *** piety under Qazlal
  6320 | D:7      | Reached XP level 10. HP: 84/88 MP: 12/12
  6372 | D:7      | Found the +5 scythe "Finisher" {speed, eviscerate}
  6883 | D:7      | Found a sacrificial altar of Ru.
  7464 | D:8      | Found a glowing golden altar of the Shining One.
  7788 | D:8      | Reached skill level 11 in Axes
  7849 | D:8      | Found a bloodstained altar of Trog.
  8204 | D:9      | Found Naloofuz's Distillery.
  8213 | D:9      | Bought a potion of lignification for 42 gold pieces
  8213 | D:9      | Bought a potion of heal wounds for 70 gold pieces
  8213 | D:9      | Bought a potion of curing for 42 gold pieces
  8462 | D:9      | Found an iron altar of Okawaru.
  8509 | D:9      | Noticed Maurice
  8534 | D:9      | Killed Maurice
  8539 | D:9      | Noticed Pikel
  8546 | D:9      | Killed Pikel
  8809 | D:9      | Reached **** piety under Qazlal
  9019 | D:9      | Reached skill level 12 in Axes
  9019 | D:9      | Reached XP level 11. HP: 95/97 MP: 14/14
  9642 | D:10     | Entered Level 10 of the Dungeon
  9642 | D:10     | Noticed Nergalle
  9645 | D:10     | Noticed a two-headed ogre
  9656 | D:10     | Killed a two-headed ogre
  9661 | D:10     | Killed Nergalle
 10135 | D:10     | Found a staircase to the Orcish Mines.
 11095 | D:11     | Reached skill level 10 in Fighting
 11132 | D:11     | Reached skill level 13 in Axes
 11455 | D:11     | Reached skill level 10 in Shields
 11723 | D:11     | Reached ***** piety under Qazlal
 11724 | D:11     | Found a staircase to the Lair.
 11728 | D:11     | Reached skill level 10 in Armour
 12185 | Lair:1   | Entered Level 1 of the Lair of Beasts
 12451 | Lair:1   | Identified Sif Muna's Incunabulum of Helpful Clay
 12480 | Lair:1   | Reached XP level 12. HP: 88/107 MP: 16/16
 12638 | Lair:1   | Found a large runed translucent door.
 12638 | Lair:1   | Found a large runed translucent door.
 12639 | Lair:1   | Noticed Lidevat's ghost (journeyman GnWn)
 13960 | Lair:2   | Reached skill level 14 in Axes
 16087 | Lair:4   | Found a hole to the Spider Nest.
 16090 | Lair:4   | Reached skill level 1 in Dodging
 16609 | Lair:4   | Noticed a four-headed hydra
 16613 | Lair:4   | Killed a four-headed hydra
 16613 | Lair:4   | Reached skill level 15 in Axes
 16764 | Lair:4   | Found a staircase to the Shoals.
 17323 | Lair:5   | Noticed a seven-headed hydra
 17331 | Lair:5   | Killed an eight-headed hydra
 17333 | Lair:5   | Reached XP level 13. HP: 114/116 MP: 9/18
 17361 | Lair:5   | Reached skill level 5 in Dodging
 17889 | Lair:5   | Found a viscous altar of Jiyva.
 17890 | Lair:5   | Found a staircase to the Slime Pits.
 18216 | Lair:5   | Got a steaming plate armour
 18217 | Lair:5   | Identified the +7 plate armour "Osotopru" {Regen+ SInv}
                  | (You found it on level 5 of the Lair of Beasts)
 18327 | Lair:5   | Identified a scroll of acquirement
 18368 | Lair:6   | Entered Level 6 of the Lair of Beasts
 18485 | Lair:6   | Reached ****** piety under Qazlal
 18844 | Lair:6   | Reached skill level 10 in Dodging
 18977 | Lair:6   | Reached skill level 10 in Invocations
 20190 | Orc:1    | Entered Level 1 of the Orcish Mines
 20633 | Orc:2    | Entered Level 2 of the Orcish Mines
 20644 | Orc:2    | Noticed an orc warlord
 20966 | Orc:1    | Killed an orc warlord
 20966 | Orc:1    | Reached XP level 14. HP: 54/124 MP: 15/21
 21605 | Orc:2    | Found Decseu's Jewellery Shoppe.
 21605 | Orc:2    | Found Icy Hule's General Store.
 21611 | Orc:2    | Found a staircase to the Elven Halls.
 21613 | Orc:2    | Bought an uncursed ring of protection from fire for 250
                  | gold pieces
 21728 | Orc:2    | Found Custuk's Antique Armour Boutique.
 21738 | Orc:2    | Found a roughly hewn altar of Beogh.
 21829 | Orc:2    | Found Gihuop's Antique Weapon Boutique.
 22020 | Orc:2    | Found a roughly hewn altar of Beogh.
 22812 | Orc:2    | Reached skill level 16 in Axes
 23142 | Orc:1    | You fall into a shaft and drop 1 floor!
 23210 | Orc:1    | Found a roughly hewn altar of Beogh.
 23682 | Spider:1 | Entered Level 1 of the Spider Nest
 23688 | Spider:1 | Noticed an entropy weaver
 23700 | Lair:4   | HP: 5/124 [poisoned by a wolf spider]
 23700 | Lair:4   | Slain by a demonic crawler

Illustrated notes

Levels and vault maps discovered:
D:1:      nicolae_arrival_washed_ashore, layout_basic
D:2:      layout_basic, first_ration, kennysheep_generic_room_2
D:3:      layout_basic, grunt_qazlal_sundering
D:4:      layout_basic, minmay_temple_entry_proselytizer
D:5:      layout_basic, nemelex_xobeh_ov_fountains_minmay, lemuel_crystal_altar,
          serial_shops, shop_scrolls, nemelex_lonely_heart_becter
D:6:      layout_cave_pools, lemuel_crystal_altar
D:7:      layout_loops_corners, lemuel_round_altar, grunt_livestock,
          minmay_guarded_unrand_finisher, uniq_harold
D:8:      layout_loops_cross, lightli_temple_of_fire,
          nicolae_overflow_hidden_temple
D:9:      layout_long_grid, okawaru_gym_becter, serial_shops,
          nicolae_shop_statue_plus, uniq_pikel, uniq_maurice
D:10:     layout_big_octagon, orc_0_dummy, uniq_nergalle
D:11:     layout_loops_corners, lair_entry_dummy, fungi_pond_lemuel
Lair:1:   layout_small_grid, ebering_ghost_disaster_area
Lair:2:   layout_big_grid, portal_ice_cave_rime, serial_bayou_pond_a,
          serial_bayou_pond_b, minmay_lair_oklob_chamber, lemuel_fruit_tree,
          grunt_megastairs_5
Lair:3:   layout_chaotic_city
Lair:4:   layout_gridlike, elwin_shoals_entry_rooms,
          nicolae_spider_entry_non_spiders
Lair:5:   layout_regular_city, slime_altar_1, kennysheep_abandoned_house,
          infiniplex_staircase_pool
Lair:6:   minmay_lair_end_enchanted_forest, layout_loops_ring,
          minmay_hedge_maze, grunt_megastairs_1
Spider:1: layout_spider_delve
Orc:1:    layout_diamond_mine, basic_altar, guppyfry_orc_lava_fort
Orc:2:    grunt_orc_gardens, layout_caves, grunt_orc_garden, grunt_orc_garden,
          grunt_orc_garden, grunt_orc_garden, basic_altar, bh_open_orc_temple

Skill      XL: |  1  2  3  4  5  6  7  8  9 10 11 12 13 14 |
---------------+-------------------------------------------+-----
Axes           | 3 4 5 7 8 10 12 13 15 16 | 16.4
Fighting       | 4 5 6 8 9 10 11 | 11.1
Armour         | 4 5 6 7 9 10 11 | 11.0
Shields        | 4 5 6 8 9 10 11 | 11.1
Invocations    | 1 2 4 5 6 7 9 11 12 | 12.0
Dodging        | 3 10 | 10.0

Action                   |  1- 3 |  4- 6 |  7- 9 | 10-12 | 13-15 || total
-------------------------+-------+-------+-------+-------+-------++-------
Melee: War axe           |    99 |   166 |   219 |    38 |       ||   522
       Headbutt          |    16 |    25 |    41 |   165 |   155 ||   402
       Broad axe         |       |       |       |   654 |   500 ||  1154
Invok: Upheaval          |       |       |       |     4 |       ||     4
       Disaster Area     |       |       |       |       |     2 ||     2
Evoke: Wand              |       |       |     1 |       |       ||     1
  Use: Scroll            |       |     2 |       |    17 |     9 ||    28
       Potion            |       |       |       |       |     3 ||     3
  Eat: Chunk             |     1 |     8 |     9 |    23 |    14 ||    55
       Ration            |       |       |       |     5 |     2 ||     7
Armor: Chain mail        |    71 |    78 |   100 |   234 |   157 ||   640
       Scale mail        |     1 |       |       |       |       ||     1
Dodge: Dodged            |    20 |    36 |    46 |    88 |   129 ||   319
       Repelled          |       |       |       |     2 |     2 ||     4
Block: Kite shield       |    64 |   108 |   147 |    24 |       ||   343
       Tower shield      |       |       |       |   750 |   684 ||  1434

Table legend:
 A = Non-vault XP
 B = Vault XP
 C = Vault XP percentage of total XP
 D = Non-vault monster count
 E = Vault monster count
 F = Vault count percentage of total count
                 A         B        C        D         E       F
            +---------+---------+-------+---------+---------+-------
      Total |   45893 |   35141 |  43.4 |     404 |     161 |  28.5
            +---------+---------+-------+---------+---------+-------
        D:1 |      41 |       0 |   0.0 |      20 |       0 |   0.0
        D:2 |     101 |       6 |   5.6 |      18 |       3 |  14.3
        D:3 |     181 |       0 |   0.0 |      34 |       0 |   0.0
        D:4 |     426 |      41 |   8.8 |      15 |       1 |   6.2
        D:5 |     564 |       0 |   0.0 |      14 |       0 |   0.0
        D:6 |    1366 |       0 |   0.0 |      23 |       0 |   0.0
        D:7 |     719 |    2782 |  79.5 |      28 |      10 |  26.3
        D:8 |    1499 |       0 |   0.0 |      16 |       0 |   0.0
        D:9 |    4087 |    1166 |  22.2 |      22 |       2 |   8.3
       D:10 |    2751 |     800 |  22.5 |      34 |       1 |   2.9
       D:11 |    3427 |       0 |   0.0 |      28 |       0 |   0.0
     Lair:1 |    2763 |       0 |   0.0 |      16 |       0 |   0.0
     Lair:2 |    5123 |    3323 |  39.3 |      25 |      12 |  32.4
     Lair:3 |    1806 |       0 |   0.0 |       6 |       0 |   0.0
     Lair:4 |    3882 |     878 |  18.4 |      16 |       9 |  36.0
     Lair:5 |    3743 |    1192 |  24.2 |      15 |      20 |  57.1
     Lair:6 |    8701 |    9232 |  51.5 |      32 |      54 |  62.8
   Spider:1 |     102 |       0 |   0.0 |       1 |       0 |   0.0
      Orc:1 |    2368 |    6530 |  73.4 |      16 |      22 |  57.9
      Orc:2 |    2243 |    9191 |  80.4 |      25 |      27 |  51.9
            +---------+---------+-------+---------+---------+-------
